Map: King's Cove LE

Players

Hive

  • Race: Zerg Zerg
  • League: Diamond
  • Spawn Location: 5:00

larllalal - Winner!

  • Race: Terran Terran
  • League: Diamond
  • Spawn Location: 11:00

VOD

Have the link to the VOD?

Description

Time

  • Played on: May 5, 2019, 7:14 p.m.
  • Length: 4:39
Show
View Real Time Build Order
Export as new Build Order

Hive Zerg 

Build Orders: Hatch First 

Get SALT Encoding   

  12  0:02  Drone  
  13  0:13  Overlord  
  13  0:18  Drone  
  14  0:33  Drone x2  
  16  0:35  Drone  
  17  0:54  Hatchery  
  16  0:58  Drone  
  17  1:13  Spawning Pool  
  17  1:14  Drone  
  17  1:17  Drone  
  18  1:26  Drone  
  18  1:28  Extractor  
  18  1:34  Drone  
  19  1:41  Drone  
  20  1:54  Overlord  
  20  2:00  Queen  
  22  2:06  Queen  
  22  2:07  Zergling x4  
  26  2:13  Drone  
  27  2:22  Drone  
  28  2:33  Drone  
  28  2:34  Drone x2  
  31  2:47  Queen  
  33  2:52  Metabolic Boost  
  33  2:56  Hatchery  
  33  2:58  Overlord  
  32  3:03  Drone  
  32  3:04  Drone  
  34  3:06  Drone  
  35  3:15  Zergling x2  
  36  3:22  Spine Crawler  
  36  3:24  Spine Crawler  
  36  3:26  Zergling x4  
  36  3:31  Zergling x4  
  36  3:32  Zergling x2  
  39  3:40  Zergling x6  
  20  4:04  Zergling x10  
  20  4:05  Zergling x6  
  28  4:12  Spine Crawler  
Show
View Real Time Build Order
Export as new Build Order

larllalal Terran - Winner!

Build Orders:  

Get SALT Encoding   

  12  0:01  SCV  
  13  0:14  SCV  
  14  0:18  Supply Depot  
  14  0:26  SCV  
  15  0:40  SCV  
  15  0:42  Barracks  
  16  0:54  Barracks  
  16  0:58  SCV  
  17  1:11  Barracks  
  17  1:20  SCV  
  18  1:30  Supply Depot  
  18  1:31  Marine  
  18  1:32  SCV  
  20  1:43  Barracks  
  20  1:45  Marine  
  21  1:49  Marine  
  22  1:55  Bunker  
  22  1:58  Marine  
  23  2:03  Marine  
  23  2:08  Marine  
  25  2:16  Marine  
  25  2:21  Marine  
  27  2:23  Supply Depot  
  27  2:25  Marine  
  28  2:34  Marine  
  28  2:35  Marine  
  30  2:39  Marine  
  31  2:44  Marine  
  32  2:51  Barracks  
  32  2:53  Marine x2  
  32  2:56  Marine  
  35  3:06  Marine  
  35  3:11  Marine x2  
  38  3:24  Marine  
  39  3:46  Marine  
  31  4:09  Marine x2  
  31  4:10  Marine  
Tags
 
Add a new tag
Caveats
  • Supply blocks, unpowered buildings, or Contaminate may cause inaccurate times.
  • Supply counts are checked every 10 seconds.